 Dungeon Crawl Stone Soup version 0.18-a0-1805-g8ab820f (webtiles) character file.

168 M4edhros the Insei (level 5, -7/31 HPs)
             Began as an Octopode Necromancer on Apr 25, 2016.
             Mangled by JetFlynn's ghost (11 damage)
             ... on level 5 of the Dungeon.
             The game lasted 00:10:56 (1293 turns).

M4edhros the Insei (Octopode Necromancer)           Turns: 1293, Time: 00:10:56

Health: -7/31      AC:  1    Str:  7    XL:     5   Next: 49%
Magic:  8/8        EV: 12    Int: 17    God:
Gold:   84         SH:  0    Dex: 14    Spells: 3 memorised, 3 levels left

rFire  . . .     SeeInvis .     o - +1 dagger (venom)
rCold  . . .     Gourm    .     (no shield)
rNeg   . . .     Faith    .     (helmet restricted)
rPois  .         Spirit   .     (no amulet)
rElec  .         Dismiss  .     (no ring)
rCorr  .         Reflect  .     (no ring)
SustAt .         Harm     .     (no ring)
MR     .....                    (no ring)
Stlth  +++.......               (no ring)
                                (no ring)
                                (no ring)
                                (no ring)

@: very slightly contaminated, invisible, not resistant to hostile enchantments,
fairly stealthy
A: almost no armour, amphibious, 8 rings, constrict 8, camouflage 1, gelatinous
body 1
a: no special abilities


You were on level 5 of the Dungeon.
You were hungry.

You visited 1 branch of the dungeon, and saw 6 of its levels.

You collected 84 gold pieces.

Inventory:

Hand Weapons
 d - a +1 flail of protection
 o - a +1 dagger of venom (weapon)
Missiles
 f - 29 poisoned needles
 h - 33 sling bullets
Wands
 l - a wand of confusion (10/48)
Scrolls
 e - 2 scrolls of identify {unknown}
 g - a scroll of teleportation {unknown}
 i - 2 scrolls of remove curse
 p - 2 scrolls of enchant armour {unknown}
 q - a scroll of magic mapping {unknown}
 t - a scroll of immolation {unknown}
 u - a scroll of fog {unknown}
Potions
 c - a potion of degeneration
 m - a potion of magic
 n - 2 potions of invisibility
 r - a potion of berserk rage {unknown}
Books
 a - a book of Necromancy

   Spells                             Type                      Level
   a - Pain                           Necromancy                   1
   b - Animate Skeleton               Necromancy                   1
   c - Vampiric Draining              Necromancy                   3
   d - Regeneration                   Charms/Necromancy            3
   e - Animate Dead                   Necromancy                   4
   f - Control Undead                 Necromancy                   4
Comestibles
 b - 4 bread rations
 j - 2 meat rations
 k - 2 beef jerkies
 s - 2 chunks of flesh


   Skills:
 - Level 2.0 Dodging
 - Level 2.6 Stealth
 + Level 5.0 Unarmed Combat
 - Level 2.0 Spellcasting
 - Level 4.0 Necromancy


You had 3 spell levels left.
You knew the following spells:

 Your Spells              Type           Power        Failure   Level  Hunger
a - Pain                  Necr           ###.         3%          1    #......
b - Animate Skeleton      Necr           N/A          3%          1    #......
r - Regeneration          Chrm/Necr      #.........   24%         3    ###....


Dungeon Overview and Level Annotations

Branches:
Dungeon (6/15)
 Temple: D:4-7

Altars:
Ashenzari
Dithmenos

Annotations:
D:5 JetFlynn's ghost, amateur OgHu


Innate Abilities, Weirdness & Mutations

You cannot wear most types of armour.
You are amphibious.
You can wear up to eight rings at the same time.
You can use your tentacles to constrict eight enemies at once.
Your skin changes colour to match your surroundings (Stealth).
Your rubbery body absorbs attacks (AC +1).


Message History

Okay, then.
Evoke which item? (* to show all) (? for menu, Esc to quit)
Okay, then.
Drink which item? (? for menu, Esc to quit)
It was a potion of invisibility.
You fade into invisibility!
JetFlynn's ghost hits you.
* * * LOW HITPOINT WARNING * * *
You are very lightly contaminated with residual magic.
JetFlynn's ghost hits you.
* * * LOW HITPOINT WARNING * * *
JetFlynn's ghost shrieks, "Do you think the gods will protect you?"
JetFlynn's ghost turns its malevolent gaze towards you.
A hound comes into view.
The hound barks!
Read which item? (? for menu, Esc to quit)
As you read the scroll labeled QEMUTT VYWU, it crumbles to dust.
You feel blessed for a moment.
It was a scroll of remove curse.
JetFlynn's ghost hits you!
You die...

##### ##.##
#...##########.#
#.# #...## #.#
#.# #....# #.#
.# ###..# #.#
#..# ..# #..#
### #..# #.W#
#.@# #...h.....
#..###...# #..#
.. .... .##.# .
#.## .
#..#######
#.>...[..#


You could see a hound and JetFlynn's ghost.

Vanquished Creatures
  An orc priest (D:5)
  The ghost of M4edhros the Ruffian, a weakling VSTm (D:3)
  3 adders
  An ooze (D:1)
  A dart slug (D:3)
  A giant gecko (D:2)
  6 orcs
  3 bats
  5 giant cockroaches
  3 hobgoblins
  A jackal (D:6)
  2 quokkas (D:3)
  2 giant newts
  3 goblins
  6 kobolds
  3 rats
42 creatures vanquished.

Vanquished Creatures (collateral kills)
  A giant frog skeleton (D:5)
1 creature vanquished.

Grand Total: 43 creatures vanquished

Notes
Turn   | Place    | Note
--------------------------------------------------------------
     0 | D:1      | M4edhros the Octopode Necromancer began the quest for the Orb.
     0 | D:1      | Reached XP level 1. HP: 11/11 MP: 3/3
    48 | D:1      | Reached skill level 1 in Unarmed Combat
    59 | D:1      | Reached XP level 2. HP: 7/17 MP: 1/5
   148 | D:1      | Reached skill level 2 in Unarmed Combat
   390 | D:3      | Reached XP level 3. HP: 2/21 MP: 2/6
   395 | D:3      | Learned a level 3 spell: Regeneration
   397 | D:3      | Learned a level 1 spell: Animate Skeleton
   572 | D:3      | HP: 1/31 [orc/trident (3)]
   660 | D:3      | Reached skill level 3 in Unarmed Combat
   689 | D:3      | Found a shadowy altar of Dithmenos.
   689 | D:3      | Noticed M4edhros's ghost (weakling VSTm)
   732 | D:3      | Killed M4edhros's ghost
   732 | D:3      | Reached XP level 4. HP: 13/27 MP: 1/7
   768 | D:3      | Found a shattered altar of Ashenzari.
   937 | D:3      | Reached skill level 4 in Unarmed Combat
  1077 | D:5      | Entered Level 5 of the Dungeon
  1084 | D:5      | Reached XP level 5. HP: 19/31 MP: 8/8
  1167 | D:6      | Reached skill level 5 in Unarmed Combat
  1250 | D:5      | Noticed JetFlynn's ghost (amateur OgHu)
  1293 | D:5      | Mangled by JetFlynn's ghost

Vault maps used:
D:1:      lemuel_arrival_rhombus
D:2:      uniq_sigmund
D:3:      ashenzari_altar_1, old_standard_altar, ecumenical_altar_1,
          hangedman_decor_diamond_cutter
D:4:      overflow_temple_1_default, minmay_temple_entry_hall, first_bread
D:6:      tgw_xom

Skill      XL: |  1  2  3  4  5 |
---------------+----------------+-----
Unarmed Combat | 1 2 3 4 5 |  5.0
Dodging        | |  2.0
Stealth        | |  2.6
Spellcasting   | |  2.0
Necromancy     | |  4.0

Action                   |  1- 3 |  4- 6 || total
-------------------------+-------+-------++-------
Melee: Unarmed           |    26 |       ||    26
       Tentacles         |     4 |     7 ||    11
       Constrict         |     5 |    11 ||    16
       Flail             |    16 |    13 ||    29
       Dagger            |       |    37 ||    37
 Cast: Pain              |    29 |     3 ||    32
       Regeneration      |     6 |     5 ||    11
       Animate Skeleton  |     2 |     3 ||     5
Evoke: Wand              |     2 |     5 ||     7
  Use: Potion            |     4 |     1 ||     5
       Scroll            |       |     1 ||     1
 Stab: Sleeping          |     1 |     4 ||     5
  Eat: Chunk             |     1 |     2 ||     3
Armor: Skin              |    21 |     4 ||    25
Dodge: Dodged            |    25 |    23 ||    48
